 Dungeon Crawl Stone Soup version 0.26-a0-863-g3bff4b215c (webtiles) character file.

Game seed: 9083561146169065343

27 iamoutofideas the Firebug (level 2, -1/15 HPs)
             Began as a Deep Elf Fire Elementalist on Nov 25, 2020.
             Slain by an ooze (3 damage)
             ... on level 1 of the Dungeon.
             The game lasted 00:01:04 (2114 turns).

iamoutofideas the Firebug (DEFE)                    Turns: 2114, Time: 00:01:05

Health: -1/15      AC:  2    Str:  5    XL:     2   Next: 93%
Magic:  1/8        EV: 13    Int: 19    God:
Gold:   102        SH:  0    Dex: 15    Spells: 6/7 levels left

rFire    . . .     SeeInvis .   (no weapon)
rCold    . . .     Faith    .   (no shield)
rNeg     . . .     Spirit   .   a - +0 robe
rPois    .         Reflect  .   (no helmet)
rElec    .         Harm     .   (no cloak)
rCorr    .         Rampage  .   (no gloves)
MR       .....                  (no boots)
Stlth    ++........             (no amulet)
HPRegen  0.05/turn              (no ring)
MPRegen  0.11/turn              (no ring)

@: no status effects
A: no striking features
a: no special abilities


You were on level 1 of the Dungeon.
You visited 1 branch of the dungeon, and saw 2 of its levels.

You collected 102 gold pieces.

Inventory:

Armour
 a - a +0 robe (worn)
Jewellery
 e - an uncursed ring of positive energy {unknown}
Scrolls
 c - 2 scrolls of teleportation {unknown}
 d - a scroll of fog {unknown}
 j - 5 scrolls of identify {unknown}
 l - a scroll of amnesia {unknown}
Potions
 b - a potion of berserk rage {unknown}
 f - a potion of brilliance {unknown}
 g - a potion of lignification {unknown}
 h - a potion of haste {unknown}
 i - 2 potions of heal wounds {unknown}
 k - a potion of cancellation {unknown}


   Skills:
 + Level 2.7 Dodging
 + Level 2.6 Stealth
 + Level 3.3 Spellcasting
 + Level 1.6 Conjurations
 + Level 3.9 Fire Magic


You had 6 spell levels left.
You knew the following spells:

 Your Spells              Type           Power        Failure   Level
a - Foxfire               Conj/Fire      ##..         4%          1

Your spell library contained the following spells:

 Spells                   Type           Power        Failure   Level
 Conjure Flame            Conj/Fire      ##......     14%         3
 Inner Flame              Hex/Fire       ##......     21%         3
 Sticky Flame             Conj/Fire      ##......     43%         4
 Fireball                 Conj/Fire      ##........   78%         5


Dungeon Overview and Level Annotations

Branches:
Dungeon (2/15)

Altars:

Annotations:
D:2 Sigmund


Message History

Confirm with . or Enter, or press ? or * to list all spells.
You conjure some foxfire!
The ooze misses you.
Unknown command.
Unknown command.
Casting: Foxfire (safe; 4% risk of failure)
Confirm with . or Enter, or press ? or * to list all spells.
You conjure some foxfire!
The foxfire hits the ooze but does no damage.
The ooze is heavily wounded.
The ooze hits you.
* * * LOW HITPOINT WARNING * * *
Your magical contamination has completely faded away.
Casting: Foxfire (safe; 4% risk of failure)
Confirm with . or Enter, or press ? or * to list all spells.
You conjure some foxfire!
The foxfire hits the ooze.
The ooze is severely wounded.
The foxfire hits the ooze.
The ooze is almost dead.
The ooze hits you.
You die...

#.....)....# #. #..........#
#. #..........# #.
#..........# #.
##..........# #.
#...........# #.
#......##...##### #.
######....vJ##.#.....# #.
#........§v@##.#.###.# #.
#.####....v§§..#.....######.
#.# #............#.###.....
#.# ##.......###.#.........
#.# #.....#.....#..##...#.
#'# #.....###.#.(..##.....
##.## #.....# #.######..#...
#8.8# #####.# #.# #......
##.## #.# #.# #......


You could see an ooze.

Vanquished Creatures
  A dart slug (D:1)
  2 ball pythons (D:1)
  2 giant cockroaches (D:1)
  6 goblins (D:1)
  2 hobgoblins (D:1)
  2 bats (D:1)
  A frilled lizard (D:1)
  3 kobolds (D:1)
  5 rats
24 creatures vanquished.

Vanquished Creatures (others)
  95 foxfires
95 creatures vanquished.

Grand Total: 119 creatures vanquished

Notes
Turn   | Place    | Note
-------+----------+-------------------------------------------
     0 | D:1      | iamoutofideas the Deep Elf Fire Elementalist began the
                  | quest for the Orb.
     0 | D:1      | Reached XP level 1. HP: 10/10 MP: 6/6
   935 | D:1      | Reached XP level 2. HP: 15/15 MP: 1/8
  2102 | D:2      | Noticed Sigmund
  2114 | D:1      | Slain by an ooze

Illustrated notes

Levels and vault maps discovered:
D:1:      minmay_arrival_wavy_path, layout_basic, minmay_misc_feat_plants,
          dk_noncrumbling_2, minmay_tromino_i4
D:2:      layout_rooms, cheibriados_altar_1, uniq_sigmund

Action                   || total
-------------------------++-------
Melee: Unarmed           ||    25
 Cast: Foxfire           ||    84
 Stab: Sleeping          ||     1
Armor: Robe              ||     9
Dodge: Dodged            ||    37

Table legend: (Time is in decaauts)
 A = Elapsed time spent in this place.
 B = Non-inter-level travel time spent in this place.
 C = Inter-level travel time spent in this place.
 D = Time resting spent in this place.
 E = Time spent auto-exploring this place.
 F = Levels seen in this place.
 G = Mean time per level.
                   A        B        C        D        E       F      G
               +--------+--------+--------+--------+--------+-----+--------+
         Total |   2114 |   2108 |      6 |    183 |   1690 |   2 | 1057.0 |
       Dungeon |   2114 |   2108 |      6 |    183 |   1690 |   2 | 1057.0 |
               +--------+--------+--------+--------+--------+-----+--------+

Top non-repeatable levels by time:
     D:1: 2105 daAuts
     D:2: 8 daAuts
